 Dungeon Crawl Stone Soup version 0.30-a0-738-g116ff8c4af (webtiles) character file.

Game seed: 10192087246806719570

391780 Ajdolov the Lord of Darkness (level 22, 0/188 HPs)
             Began as a Mummy Necromancer on Jan 31, 2023.
             Was the Champion of Kikubaaqudgha.
             Slain by an acid blob (19 damage)
             ... on level 1 of the Pits of Slime on Feb 3, 2023.
             The game lasted 03:37:07 (64756 turns).

Ajdolov the Lord of Darkness (Mummy Necromancer)   Turns: 64756, Time: 03:37:08

Health: 0/188      AC: 24    Str: 13    XL:     22   Next: 11%
Magic:  33/48      EV: 17    Int: 24    God:    Kikubaaqudgha [******]
Gold:   3426       SH:  0    Dex: 19    Spells: 3/47 levels left

rFire   + . .      SeeInvis +    E - +5 spear (heavy)
rCold   + . .      Faith    +    (no shield)
rNeg    + + +      Spirit   .    y - +5 steam dragon scales
rPois   ∞          Reflect  .    K - +3 crown of Dyrovepreva {rElec Int+2 SInv}
rElec   +          Harm     .    z - +2 cloak {Stlth+}
rCorr   .          Rampage  .    F - +2 pair of gloves {Dex+3}
Will    ++...                    q - +2 pair of boots
Stlth   ++                       N - amulet of regeneration
HPRegen 1.31/turn                j - ring of protection from fire
MPRegen 0.31/turn                L - ring of Descent {rF+ MP+9 Dex+2 SInv}

@: confused, marked, studying Fighting
A: cold resistance 1, negative energy resistance 3, torment resistance 2, heat
vulnerability 1, in touch with death 2, no potions, faith
}: 2/15 runes: barnacled, gossamer
a: Renounce Religion, Unearth Wretches, Torment, Brand Weapon With Pain, Receive
Forbidden Knowledge


You were on level 1 of the Pits of Slime.
You worshipped Kikubaaqudgha.
Kikubaaqudgha was exalted by your worship.
You visited 9 branches of the dungeon, and saw 40 of its levels.
You also visited: Ice Cave.

You collected 5400 gold pieces.
You spent 1974 gold pieces at shops.

Inventory:

Hand Weapons
 E - a +5 heavy spear (weapon)
 T - the +8 glaive of the Final Hosts {heavy, Will+ Int+3}
   (You bought it in a shop on level 9 of the Dungeon)

   Int:       It affects your intelligence (+3).
   Will:      It increases your willpower.
 U - the +9 spear "Juts" {heavy, rC+ Str+6 Int-3}
   (You bought it in a shop on level 9 of the Dungeon)

   Str:       It affects your strength (+6).
   Int:       It affects your intelligence (-3).
   rC:        It protects you from cold.
Missiles
 i - 3 curare-tipped darts
 G - 6 throwing nets
Armour
 g - a +0 kite shield
 q - a +2 pair of boots (worn)
 y - +5 steam dragon scales (worn)
 z - a +2 cloak of stealth (worn)
 F - a +2 pair of gloves of dexterity (worn)
 K - the +3 crown of Dyrovepreva (worn) {rElec Int+2 SInv}
   (You found it on level 3 of the Depths)

   Int:       It affects your intelligence (+2).
   rElec:     It insulates you from electricity.
   SInv:      It lets you see invisible.
 V - a +2 buckler
Jewellery
 c - a ring of flight
 j - a ring of protection from fire (left hand)
 v - the ring "Doxtap" {rPois MP-9 Str+3 Slay+2 SInv}
   (You took it off a tengu warrior on level 3 of the Depths)

   [ring of see invisible]

   Str:       It affects your strength (+3).
   Slay:      It affects your accuracy & damage with ranged weapons and melee
   (+2).
   rPois:     It protects you from poison.
   MP:        It affects your magic capacity (-9).
   SInv:      It lets you see invisible.
 B - a ring of protection from cold
 H - a ring of protection from cold
 L - the ring of Descent (right hand) {rF+ MP+9 Dex+2 SInv}
   (You found it in an ice cave)

   [ring of magical power]

   Dex:       It affects your dexterity (+2).
   rF:        It protects you from fire.
   MP:        It affects your magic capacity (+9).
   SInv:      It lets you see invisible.
 N - an amulet of regeneration (around neck)
 R - a +4 ring of protection
 W - a ring of wizardry
Wands
 b - a wand of polymorph (10)
 l - a wand of light (9)
 o - a wand of roots (19)
 x - a wand of flame (111)
 A - a wand of charming (31)
 I - a wand of digging (10)
 O - a wand of mindburst (15)
Scrolls
 a - 4 scrolls of summoning
 d - 6 scrolls of magic mapping
 e - 9 scrolls of poison
 f - 5 scrolls of silence
 m - 2 scrolls of blinking
 n - 2 scrolls of brand weapon
 p - 6 scrolls of teleportation
 r - 8 scrolls of fog
 s - 4 scrolls of immolation
 t - 5 scrolls of enchant weapon
 u - 7 scrolls of fear
 w - 3 scrolls of vulnerability
 C - 4 scrolls of noise
 D - 3 scrolls of amnesia
 M - 2 scrolls of torment
Miscellaneous
 k - a lightning rod (4/4)
 J - a phantom mirror
 P - a tin of tremorstones (2/2)
 Q - a phial of floods
 S - a condenser vane


   Skills:
 + Level 19.3 Fighting
 - Level 14.0 Polearms
 * Level 6.1 Armour
 - Level 8.0 Dodging
 - Level 1.5 Stealth
 - Level 5.0 Shields
 - Level 13.4 Spellcasting
 - Level 7.0 Hexes
 - Level 10.2 Summonings
 - Level 21.3 Necromancy
 - Level 10.0 Earth Magic
 - Level 10.0 Evocations


You had 3 spell levels left.
You knew the following spells:

 Your Spells              Type           Power      Damage    Failure   Level
a - Necrotise             Necr           100%       1d9       0%          1
b - Vampiric Draining     Necr           100%       2d13      0%          3
c - Animate Dead          Necr           100%       N/A       0%          4
d - Cigotuvi's Dreadful   Necr/Pois/Air  100%       N/A       1%          2
e - Death Channel         Necr           66%        N/A       1%          6
f - Borgnjor's Vile Clut  Necr/Erth      58%        N/A       1%          5
g - Dispel Undead         Necr           100%       3d31      0%          4
h - Anguish               Hex/Necr       56%        N/A       1%          4
i - Haunt                 Necr/Summ      58%        N/A       4%          7
j - Infestation           Necr           66%        N/A       3%          8

Your spell library contained the following spells:

 Spells                   Type           Power      Damage    Failure   Level
 Kiss of Death            Conj/Necr      100%       2d13      1%          1
 Slow                     Hex            100%       N/A       1%          1
 Summon Small Mammal      Summ           100%       N/A       1%          1
 Call Imp                 Summ           60%        N/A       1%          2
 Ensorcelled Hibernation  Hex/Ice        64%        N/A       1%          2
 Call Canine Familiar     Summ           60%        N/A       1%          3
 Confusing Touch          Hex            49%        N/A       1%          3
 Stone Arrow              Conj/Erth      80%        3d12      1%          3
 Summon Guardian Golem    Hex/Summ       55%        N/A       1%          3
 Foxfire                  Conj/Fire      64%        2x1d7     3%          1
 Magic Dart               Conj           64%        1d6       3%          1
 Sting                    Tmut/Pois      64%        1d6       3%          1
 Blink                    Tloc           32%        N/A       5%          2
 Poisonous Vapours        Pois/Air       32%        N/A       5%          2
 Searing Ray              Conj           32%        2d5       5%          2
 Static Discharge         Conj/Air       32%        2-4/arc   5%          2
 Ignite Poison            Fire/Tmut/Pois 16%        N/A       11%         3
 Mephitic Cloud           Conj/Pois/Air  16%        N/A       11%         3
 Ozocubu's Armour         Ice            16%        N/A       11%         3
 Vhi's Electric Charge    Tloc/Air       32%        N/A       11%         3
 Agony                    Necr           100%       N/A       0%          5
 Animate Armour           Summ/Erth      100%       N/A       1%          4
 Summon Ice Beast         Ice/Summ       40%        N/A       4%          4
 Summon Lightning Spire   Summ/Air       40%        N/A       4%          4
 Simulacrum               Ice/Necr       50%        N/A       7%          6
 Fulminant Prism          Conj/Hex       16%        3d10      9%          4
 Silence                  Hex/Air        16%        N/A       24%         5
 Manifold Assault         Tloc           16%        N/A       36%         4
 Olgreb's Toxic Radiance  Pois           16%        N/A       36%         4
 Passage of Golubria      Tloc           16%        N/A       36%         4
 Sticky Flame             Conj/Fire      16%        2d4       36%         4
 Summon Hydra             Summ           30%        N/A       43%         7
 Arcjolt                  Conj/Air       8%         1d18      71%         5
 Fireball                 Conj/Fire      8%         3d6       71%         5
 Freezing Cloud           Conj/Ice/Air   8%         6-21      71%         5
 Lightning Bolt           Conj/Air       8%         1d20      71%         5
 Starburst                Conj/Fire      8%         6d4       99%         6
 Ozocubu's Refrigeration  Ice            8%         4d9       100%        7
 Ignition                 Fire           8%         3d5       100%        8
 Lehudib's Crystal Spear  Conj/Erth      20%        10d6      100%        8
 Maxwell's Capacitive Co  Air            8%         ∞         100%        8
 Sublimation of Blood     Necr           Unusable   N/A       N/A         2
 Wereblood                Tmut           Unusable   N/A       N/A         2
 Spider Form              Tmut/Pois      Unusable   N/A       N/A         3
 Storm Form               Tmut/Air       Unusable   N/A       N/A         7

Dungeon Overview and Level Annotations

Branches:
Dungeon (15/15)            Temple (1/1) D:7            Lair (5/5) D:10
 Shoals (4/4) Lair:2       Spider (4/4) Lair:3        Slime (1/5) Lair:4
    Orc (2/2) D:12            Elf (0/3) Orc:2        Vaults (4/5) D:14
  Crypt (0/3) Vaults:3     Depths (4/4) D:15            Zot (0/5) Depths:4
  IceCv (visited)

Altars:
Ashenzari
Cheibriados
Dithmenos
Fedhas
Gozag
Hepliaklqana
Kikubaaqudgha
Makhleb
Nemelex Xobeh
Okawaru
Qazlal
Ru
Sif Muna
Trog
Vehumet
Jiyva

Shops:
D:1 (   D:9 *!!([   D:12 ([   D:15 (   Orc:2 *(*   Shoals:3 *   Vaults:1 [
Depths:1 *(!

Portals:
Hell: Depths:1 Depths:2 Depths:3 Depths:4
Abyss: Depths:3
Pandemonium: Depths:2 Depths:4
Ziggurat: Depths:2

Annotations:
Lair:1 exclusions: deep troll and oklob plant
Lair:2 exclusion: downstairs
Lair:5 1 runed translucent door
Spider:2 3 runed translucent doors, lis82's ghost, adept DgAE
Spider:3 Bai Suzhen
Vaults:4 1 runed translucent door, Susobas's ghost, adept DsCj


Innate Abilities, Weirdness & Mutations

You are immune to poison.
Your flesh is cold resistant. (rC+)
You are immune to negative energy. (rN+++)
You are immune to unholy pain and torment.
You are vulnerable to heat. (rF-)
You are strongly in touch with the powers of death.
You do not drink.
You have a special connection with the divine. (Faith)


Message History

You resist with some effort. The golden eye blinks at you.
You resist with almost no effort. The golden eye blinks at you.
You resist with almost no effort. The slime creature hits you!
* * * LOW HITPOINT WARNING * * *
Two slime creatures merge to form a large slime creature.
The golden eye blinks at you. You resist with almost no effort.
The golden eye blinks at you. You resist with almost no effort.
The golden eye blinks at you. You resist with almost no effort.
The golden eye blinks at you. You resist with almost no effort.
The slime creature closely misses you. The golden eye blinks at you.
You resist with almost no effort. The golden eye blinks at you.
You resist with almost no effort.
Two slime creatures merge to form a very large slime creature.
The golden eye blinks at you. You resist with almost no effort.
The golden eye blinks!
The acid blob spits acid at you.
The splash of acid hits you but does no damage.
The golden eye blinks at you. You resist with almost no effort.
The golden eye blinks at you. You resist with almost no effort.
The slime creature is no longer moving slowly. x2
The golden eye blinks at you.
You easily resist.
The golden eye blinks at you. You resist with almost no effort.
The golden eye blinks at you. You resist with almost no effort.
Two slime creatures merge to form a large slime creature.
The acid blob hits you!!
You die...
Kikubaaqudgha rasps: "You have failed me!
Welcome... oblivion!"

#..#...<....J......#..#
............J......#....
.#..........JJGJ....#...
###..........J......#..
..#...#.#..G........#.
..........#..G.........
. .....#.....>.JJ....#.
.......#.#...GJJ.....#
.........@J.#....
...........J....#
.................
#...#............
........##.......
......# ...#... ....#
#..##.# .... ... ..


You could see an acid blob, an azure jelly, 2 very large slime creatures, 2
large slime creatures, 5 slime creatures and 4 golden eyes.

Vanquished Creatures
  3 caustic shrikes
  A tentacled monstrosity (Depths:4)
  A walking crystal tome (Depths:4)
  2 liches
  Gastronok (D:7)
  A tengu reaver (Depths:3)
  3 sphinxes
  2 shadow dragons (Depths:4)
  Kirke (Shoals:2)
  A storm dragon (Depths:4)
  2 fire giants
  An emperor scorpion (Spider:3)
  5 vault wardens
  3 frost giants
  2 juggernaut zombies
  3 ghost moths
  A curse skull (Vaults:3)
  4 spriggan defenders
  7 stone giants
  7 ironbound preservers
  An ironbound thunderhulk (Vaults:4)
  7 very ugly things
  6 broodmothers
  A black draconian (Depths:4)
  2 vampire knights
  6 spark wasps
  4 dire elephants
  A red draconian (Depths:4)
  2 merfolk impalers (Shoals:4)
  3 fire dragons
  7 ettins
  Snorg (Lair:3)
  2 merfolk javelineers
  5 entropy weavers
  7 great orbs of eyes
  4 rakshasas
  2 ogre magi
  10 vault guards
  7 yaktaur captains
  5 spriggan air magi
  Harold (D:11)
  A merfolk avatar (Shoals:4)
  4 hydras
  An ice dragon (Depths:3)
  5 ironbound frosthearts
  3 radroaches (Spider:4)
  14 centaur warriors
  8 two-headed ogres
  3 boulder beetles
  A vampire mage (D:15)
  4 tengu warriors
  4 deep troll shamans
  3 death yaks
  A satyr (Shoals:4)
  2 deep troll earth magi
  5 spriggan berserkers
  Urug (Orc:1)
  A storm dragon zombie (Depths:1)
  2 sun demons (Shoals:1)
  8 skeletal warriors
  3 iron trolls
  A sixfirhy (Depths:4)
  A hell knight (Depths:3)
  A sun moth (Spider:2)
  33 deep trolls
  5 pharaoh ants
  A sea snake (shapeshifter) (Depths:3)
  A spark wasp zombie (D:15)
  3 orb spiders
  2 sea snakes
  2 spriggan riders (Depths:3)
  2 lindwurms
  A swamp dragon (shapeshifter) (Depths:3)
  Pikel (D:9)
  5 steelbarb worms
  A flayed ghost (Depths:4)
  4 ironbound convokers
  15 wolf spiders
  3 wizards
  An orc knight (Vaults:2)
  3 necromancers
  2 deep elf pyromancers (D:14)
  A tengu zombie (Vaults:3)
  2 harpies (Shoals:1)
  14 ugly things
  2 fauns (Shoals:2)
  A nameless horror (D:14)
  6 cyclopes
  3 merfolk sirens
  4 black mambas
  12 elephants
  13 manticores
  2 moths of wrath
  An ice statue (IceCv)
  2 demonic crawlers
  4 cane toads
  4 water nymphs
  4 vault sentinels
  8 torpor snails
  Maurice (D:8)
  3 unseen horrors
  A gargoyle (D:12)
  2 rime drakes
  An efreet (D:15)
  8 komodo dragons
  7 yaktaurs
  A kobold demonologist (D:12)
  2 freezing wraiths
  4 tengu conjurers
  A spriggan skeleton (D:15)
  12 merfolk
  A red devil (Depths:2)
  2 meliai
  A wind drake (Shoals:4)
  14 tarantellas
  9 trolls
  19 polar bears
  3 tyrant leeches (Lair:5)
  A hellwing (Depths:4)
  8 hornets
  22 blink frogs
  3 spriggan zombies
  5 dream sheep
  A raiju (Lair:5)
  An ettin zombie (Depths:1)
  14 jumping spiders
  Sigmund (D:2)
  10 slime creatures
  A centaur simulacrum (D:14)
  8 culicivoras
  7 snapping turtles
  A vampire (D:13)
  2 wyverns
  2 shadows
  8 wraiths
  A hog (shapeshifter) (D:13)
  9 water elementals
  5 basilisks
  54 yaks
  3 spriggans
  Grum (D:9)
  A steam dragon (D:7)
  34 redbacks
  Edmund (D:6)
  A chaos spawn (Depths:4)
  21 vampire mosquitoes
  7 wargs
  2 acid dragons
  12 water moccasins
  A floating eye (Depths:2)
  11 hell hounds
  2 ice beasts
  12 orc warriors
  2 sky beasts
  11 black bears
  29 wolves
  14 ogres
  15 centaurs
  10 bullfrogs
  3 gnoll sergeants
  A human skeleton (Vaults:3)
  2 kobold brigands (D:7)
  4 necrophages
  9 wights
  2 howler monkeys
  2 electric eels
  3 hounds
  Crazy Yiuf (D:3)
  13 orc priests
  2 jellies
  An iguana (D:6)
  Natasha (thrice) (D:2)
  18 orc wizards
  4 hell rats (Lair:5)
  29 gnolls
  6 adders
  An ufetubus (D:6)
  A worm (D:3)
  41 orcs
  9 ball pythons
  3 bats (D:1)
  12 endoplasms
  3 giant cockroaches
  25 goblins
  26 hobgoblins
  6 jackals
  16 kobolds
  6 quokkas
  6 frilled lizards
  8 rats (D:2)
  A tentacle (Shoals:4)
1093 creatures vanquished.

Vanquished Creatures (collateral kills)
  Margery (Depths:3)
  Xtahua (Vaults:4)
  7 caustic shrikes
  2 golden dragons
  A tentacled monstrosity (Depths:4)
  A lich (Depths:4)
  Zenata (Vaults:3)
  A kraken (Shoals:4)
  A walking earthen tome (Depths:3)
  An ancient champion (Vaults:3)
  2 sphinxes
  A fire giant (Depths:3)
  Louise (Shoals:2)
  A frost giant (Depths:3)
  A deep elf sorcerer (Vaults:3)
  2 emperor scorpions
  5 vault wardens
  A draconian annihilator (Depths:4)
  A quicksilver ooze (shapeshifter) (Depths:4)
  A broodmother (Spider:4)
  4 ironbound thunderhulks
  A spriggan defender (Depths:2)
  8 ironbound preservers
  6 very ugly things
  2 stone giants
  A lorocyproca (Depths:2)
  A green draconian (Depths:4)
  20 dire elephants
  A white draconian (Depths:4)
  3 spark wasps
  The ghost of Qatafuk the Summoner, a journeyman OpSu of Gozag (Lair:3)
  2 merfolk javelineers (Shoals:4)
  Josephine (Lair:3)
  3 merfolk impalers
  A quicksilver dragon zombie (Depths:1)
  5 ettins
  2 great orbs of eyes
  5 entropy weavers
  6 yaktaur captains
  6 ice dragons
  2 jorogumos (Spider:4)
  2 ogre magi
  4 ironbound frosthearts
  4 vault guards
  5 centaur warriors
  2 merfolk avatars (Shoals:4)
  A catoblepas (Shoals:2)
  A spriggan air mage (Depths:4)
  A radroach (Spider:3)
  A boulder beetle (Vaults:1)
  3 two-headed ogres (Orc:2)
  4 death yaks
  3 merfolk aquamancers (Shoals:4)
  4 deep troll shamans
  A vampire mage (Vaults:3)
  4 hell knights (Depths:3)
  3 iron trolls
  8 sea snakes
  2 sun moths
  2 flayed ghosts
  4 orb spiders
  32 deep trolls
  3 steelbarb worms
  2 wizards (Vaults:4)
  7 harpies
  2 lindwurms
  3 ironbound convokers
  2 oklob plants (Lair:4)
  7 ugly things
  9 wolf spiders
  A faun (Shoals:2)
  A wolf spider zombie (Spider:3)
  4 cyclopes
  3 merfolk sirens
  8 manticores
  3 elephants
  A moth of wrath (Spider:1)
  7 water nymphs
  12 vault sentinels
  2 demonic crawlers
  A gargoyle (D:10)
  2 smoke demons (Depths:2)
  3 torpor snails (Spider:4)
  2 rime drakes (IceCv)
  A hellion (Depths:4)
  A freezing wraith (Vaults:3)
  30 yaktaurs
  A tengu conjurer (D:14)
  A red devil (Depths:2)
  A meliai (Spider:4)
  24 merfolk
  8 wind drakes
  A tyrant leech (Lair:5)
  A harpy zombie (Shoals:4)
  15 tarantellas
  2 hornets
  9 blink frogs
  6 polar bears
  8 snapping turtles
  A dream sheep (shapeshifter) (Depths:4)
  A raiju (Lair:5)
  2 dream sheep
  9 jumping spiders
  A spriggan (Depths:3)
  A shadow (D:11)
  19 slime creatures
  9 culicivoras
  3 wyverns
  2 water elementals
  A golden eye (Slime:1)
  4 hogs (Shoals:2)
  19 yaks
  A basilisk (Lair:5)
  A wraith (Lair:3)
  A steam dragon (Lair:3)
  19 redbacks
  An entropy weaver zombie (Spider:3)
  2 water moccasins (Lair:5)
  A glowing shapeshifter zombie (Vaults:3)
  4 hell hounds (Lair:5)
  4 orc warriors
  12 ogres
  8 wolves
  A centaur (D:14)
  An electric eel (Lair:2)
  A gnoll bouda (D:5)
  An orc priest (D:8)
  4 orc wizards
  3 hell rats (Lair:5)
  3 gnolls
  A shadow imp (D:7)
  6 orcs
  5 goblins
  2 hobgoblins (D:4)
  A bat (D:3)
  4 kobolds
  3 tentacles (Shoals:4)
561 creatures vanquished.

Vanquished Creatures (others)
  2 caustic shrikes (Depths:4)
  Nikola (Shoals:4)
  A hellephant (Depths:2)
  A tengu reaver (Depths:4)
  Polyphemus (Shoals:2)
  A shadow dragon (Vaults:3)
  6 fire giants
  4 emperor scorpions (Spider:4)
  2 frost giants
  A deep elf sorcerer (Vaults:3)
  2 ghost moths
  3 caustic shrike zombies (Depths:3)
  7 stone giants
  2 ironbound preservers
  A very ugly thing (Depths:4)
  An ironbound thunderhulk (Vaults:3)
  A dire elephant (Depths:2)
  A very ugly thing zombie (Depths:4)
  A spark wasp (Spider:4)
  5 ettins
  4 fire dragons
  A merfolk javelineer (Shoals:4)
  A deep elf high priest (Vaults:3)
  A merfolk impaler (Shoals:4)
  A vault guard (Vaults:3)
  3 yaktaur captains (Vaults:3)
  2 entropy weavers
  A centaur warrior (D:10)
  3 ice dragons
  A two-headed ogre (D:9)
  A radroach (Spider:4)
  3 jorogumos
  2 tengu warriors
  A deep troll earth mage (Depths:3)
  2 deep troll shamans (Depths:3)
  A spriggan berserker (Depths:4)
  4 emperor scorpion zombies
  4 spark wasp zombies
  An orb spider (Spider:1)
  3 sea snakes
  A golden dragon zombie (Depths:3)
  2 deep trolls
  2 sphinx zombies
  3 harpies
  An ironbound convoker (Vaults:3)
  A wizard (Vaults:2)
  2 jorogumo zombies (Spider:2)
  6 stone giant zombies
  A shadow dragon zombie (Vaults:3)
  A necromancer (Depths:3)
  5 wolf spider zombies (Spider:4)
  A faun (Shoals:4)
  5 fire giant zombies
  An ugly thing (Depths:4)
  2 wolf spiders
  2 frost giant zombies (Depths:3)
  An elephant (Lair:3)
  3 manticores
  8 dire elephant zombies
  8 centaur zombies
  A water nymph (Shoals:4)
  An unseen horror zombie (D:9)
  A rime drake (Lair:3)
  An orb spider zombie (Spider:4)
  15 redback zombies
  An unseen horror (D:9)
  An elf zombie (Vaults:3)
  2 komodo dragons
  7 sea snake zombies
  An ice devil (Depths:4)
  3 yaktaur zombies (Vaults:3)
  A demonic crawler zombie (Spider:3)
  8 harpy zombies
  A guardian mummy (D:15)
  2 moth of wrath zombies
  3 wind drakes
  A hornet (Depths:3)
  A meliai (Spider:4)
  11 merfolk
  6 ice dragon zombies
  2 tarantellas
  8 tarantella zombies
  7 culicivora zombies
  A jumping spider zombie (Spider:3)
  A radroach zombie (Spider:4)
  10 ettin zombies
  9 deep troll zombies
  4 snapping turtles
  2 fire dragon zombies
  A meliai zombie (Spider:4)
  A great orb of eyes zombie (Vaults:3)
  2 jumping spiders
  2 culicivoras (Spider:4)
  A water elemental (Shoals:4)
  2 wyverns
  4 wind drake zombies
  A yak (Lair:3)
  3 basilisks
  6 spriggan zombies (Depths:3)
  2 slime creature zombies (Vaults:3)
  2 redbacks
  A faun zombie (Shoals:4)
  4 two-headed ogre zombies
  8 tengu zombies
  4 water nymph zombies
  18 merfolk zombies
  2 entropy weaver zombies
  A snapping turtle zombie (Shoals:4)
  11 human zombies
  3 hornet zombies
  A swamp dragon zombie (Depths:3)
  6 blink frog zombies
  2 lindwurm zombies (Vaults:3)
  6 manticore zombies
  3 elephant zombies (Lair:3)
  2 torpor snail zombies (Spider:4)
  A wolf (Lair:2)
  6 hell hound zombies (Lair:5)
  A bullfrog (Lair:3)
  3 komodo dragon zombies
  A water moccasin zombie (Lair:1)
  A wyvern zombie (Lair:3)
  3 warg zombies
  23 yak zombies
  A raiju zombie (Lair:5)
  3 polar bear zombies
  A troll zombie (Orc:2)
  15 wolf zombies
  2 bullfrog zombies
  A jelly (D:9)
  A basilisk zombie (Lair:3)
  6 black bear zombies (Lair:5)
  An iguana (D:10)
  12 ogre zombies
  A hound zombie (D:7)
  4 hell rat zombies (Lair:5)
  A jelly zombie (D:9)
  16 orc zombies
  An orc (Orc:2)
  10 gnoll zombies
  A goblin (D:9)
  A hobgoblin (D:4)
  A ball python zombie (D:4)
  8 goblin zombies
  6 hobgoblin zombies (D:4)
  A kobold (D:10)
  6 kobold zombies
  A bush (Lair:3)
  123 fungi
  244 plants
  14 tentacles (Shoals:4)
  16 withered plants
888 creatures vanquished.

Grand Total: 2542 creatures vanquished

Notes
Turn   | Place    | Note
-------+----------+-------------------------------------------
     0 | D:1      | Ajdolov the Mummy Necromancer began the quest for the Orb.
     0 | D:1      | Reached XP level 1. HP: 13/13 MP: 4/4
   230 | D:1      | Reached XP level 2. HP: 20/20 MP: 3/6
   546 | D:1      | Found a faded altar of an unknown god.
   561 | D:1      | Reached skill level 1 in Fighting
   841 | D:1      | Gained mutation: You are in touch with the powers of death.
                  | [Mummy growth]
   841 | D:1      | Reached XP level 3. HP: 20/26 MP: 1/8
   980 | D:1      | Found Pudghue's Antique Weapon Emporium.
  1092 | D:2      | Noticed Sigmund
  1130 | D:2      | Learned a level 3 spell: Vampiric Draining
  1138 | D:2      | Noticed Natasha
  1145 | D:2      | Killed Natasha
  1305 | D:2      | Reached XP level 4. HP: 32/32 MP: 8/10
  1374 | D:2      | Noticed Natasha
  1557 | D:2      | Killed Natasha
  1634 | D:2      | Learned a level 4 spell: Animate Dead
  1749 | D:1      | Bought a scorched spear for 184 gold pieces
  1749 | D:1      | Identified the +3 spear of Collej {freeze, *Noise +Blink
                  | rElec rN+++} (You bought it in a shop on level 1 of the
                  | Dungeon)
  2005 | D:2      | Noticed Natasha
  2020 | D:2      | Killed Natasha
  2096 | D:2      | Killed Sigmund
  2097 | D:2      | Reached skill level 5 in Spellcasting
  2097 | D:2      | Reached skill level 5 in Necromancy
  2097 | D:2      | Reached XP level 5. HP: 31/39 MP: 9/13
  2097 | D:2      | Reached XP level 6. HP: 37/46 MP: 9/14
  2536 | D:3      | Found a runed translucent door.
  2537 | D:3      | Noticed Crazy Yiuf
  3389 | D:3      | Killed Crazy Yiuf
  3974 | D:4      | Reached XP level 7. HP: 52/52 MP: 12/17
  5220 | D:5      | Entered Level 5 of the Dungeon
  5511 | D:5      | Reached skill level 6 in Necromancy
  5712 | D:5      | Reached skill level 1 in Evocations
  6146 | D:5      | Reached XP level 8. HP: 50/61 MP: 18/18
  6368 | D:5      | Reached skill level 5 in Fighting
  6509 | D:6      | Found an iron altar of Okawaru.
  6511 | D:6      | Found a shimmering blue altar of Sif Muna.
  7137 | D:6      | Noticed Edmund
  7224 | D:6      | Killed Edmund
  7225 | D:6      | Reached skill level 7 in Necromancy
  7662 | D:7      | Found a staircase to the Ecumenical Temple.
  7792 | D:6      | Reached skill level 1 in Polearms
  8091 | Temple   | Entered the Ecumenical Temple
  8111 | Temple   | Became a worshipper of Kikubaaqudgha
  8134 | D:7      | Reached XP level 9. HP: 55/68 MP: 15/19
  8158 | D:7      | Identified the +0 dagger of Internal Strife {flame, rPois
                  | rF+ Int-2}
  8995 | D:7      | Reached skill level 8 in Necromancy
  9352 | D:8      | Noticed Gastronok
  9449 | D:7      | Reached * piety under Kikubaaqudgha
  9449 | D:7      | Received a gift from Kikubaaqudgha
  9461 | D:7      | Learned a level 2 spell: Cigotuvi's Dreadful Rot
  9531 | D:8      | Noticed Maurice
  9660 | D:7      | HP: 1/54 [Gastronok (36)]
  9668 | D:7      | Killed Gastronok
  9669 | D:7      | Reached skill level 9 in Necromancy
  9792 | D:8      | Reached XP level 10. HP: 74/74 MP: 20/20
  9813 | D:8      | Killed Maurice
 10516 | D:8      | Reached ** piety under Kikubaaqudgha
 10941 | D:9      | Found Zuesiu's Distillery.
 11001 | D:9      | Noticed Grum
 11012 | D:9      | Killed Grum
 11093 | D:9      | Reached skill level 10 in Necromancy
 11143 | D:9      | Noticed Pikel
 11169 | D:9      | Killed Pikel
 11313 | D:9      | Found Arush's General Store.
 11321 | D:9      | Bought a scroll of identify for 30 gold pieces
 11321 | D:9      | Bought a scroll of identify for 30 gold pieces
 11473 | D:9      | Found Zuuneali's Distillery.
 11566 | D:9      | Reached XP level 11. HP: 62/74 MP: 16/21
 11689 | D:9      | Found Dum Tadi's Armour Emporium.
 11717 | D:9      | Found Agefarag's Antique Weapon Emporium.
 11720 | D:9      | Bought a shimmering spear for 176 gold pieces
 11720 | D:9      | Identified the +9 spear "Juts" {heavy, rC+ Str+6 Int-3}
                  | (You bought it in a shop on level 9 of the Dungeon)
 12174 | D:10     | Entered Level 10 of the Dungeon
 12687 | D:10     | Noticed a boulder beetle
 12689 | D:10     | Found a staircase to the Lair.
 12704 | D:10     | Killed a boulder beetle
 12705 | D:10     | Reached skill level 10 in Polearms
 12705 | D:10     | Reached skill level 11 in Necromancy
 12937 | D:10     | Identified the +0 trident of the Crafting Gods {antimagic,
                  | *Corrode Will+ SInv}
 13713 | D:11     | Noticed Harold
 13732 | D:11     | Killed Harold
 13739 | D:11     | Noticed a two-headed ogre
 13755 | D:11     | Your ally Harold died
 13762 | D:11     | Killed a two-headed ogre
 14553 | D:11     | Noticed a two-headed ogre
 14583 | D:11     | Killed a two-headed ogre
 14794 | D:11     | Noticed a centaur warrior
 14833 | D:11     | Killed a centaur warrior
 14834 | D:11     | Reached XP level 12. HP: 73/89 MP: 9/22
 15120 | D:9      | Bought a +0 pair of gloves of dexterity for 172 gold pieces
 15152 | Lair:1   | Entered Level 1 of the Lair of Beasts
 15987 | Lair:1   | Reached *** piety under Kikubaaqudgha
 15987 | Lair:1   | Received a gift from Kikubaaqudgha
 15995 | Lair:1   | Learned a level 6 spell: Death Channel
 16001 | Lair:1   | Learned a level 5 spell: Borgnjor's Vile Clutch
 16270 | Lair:1   | Reached skill level 1 in Earth Magic
 17517 | Lair:2   | Found a staircase to the Shoals.
 17860 | Lair:3   | Noticed Snorg
 18037 | Lair:3   | Noticed Josephine
 18054 | Lair:3   | Noticed an eight-headed hydra
 18160 | Lair:3   | Found a hole to the Spider Nest.
 18901 | Lair:3   | Found a runed translucent door.
 18904 | Lair:3   | Noticed Qatafuk's ghost (journeyman OpSu)
 18918 | Lair:3   | Gained mutation: You are strongly in touch with the powers
                  | of death. [Mummy growth]
 18918 | Lair:3   | Reached XP level 13. HP: 92/98 MP: 12/23
 19292 | Lair:3   | Killed Josephine
 19678 | Lair:3   | Killed Snorg
 19679 | Lair:3   | Reached skill level 5 in Earth Magic
 21097 | Lair:4   | Found a viscous altar of Jiyva.
 21198 | Lair:5   | Entered Level 5 of the Lair of Beasts
 21229 | Lair:4   | Reached skill level 12 in Necromancy
 21538 | Lair:5   | Reached **** piety under Kikubaaqudgha
 23008 | Lair:5   | Identified the +5 scale mail of Disguise {rF+++ rC- Str-2
                  | Dex+2}
 23084 | Lair:5   | Reached ***** piety under Kikubaaqudgha
 23528 | Lair:5   | Reached XP level 14. HP: 50/104 MP: 11/24
 23945 | Lair:5   | Found a runed translucent door.
 24407 | Lair:5   | Reached skill level 13 in Necromancy
 25615 | D:12     | Found Caismeid's Armour Shop.
 25615 | D:12     | Found a staircase to the Orcish Mines.
 25633 | D:12     | Reached ****** piety under Kikubaaqudgha
 25646 | D:12     | Found Qatetusi's Weapon Shop.
 25755 | D:12     | Found an opulent altar of Gozag.
 25894 | D:12     | Found a frozen archway.
 25904 | IceCv    | Entered an ice cave
 26272 | IceCv    | Identified the +4 leather armour of Ashenzari's Hatred
                  | {-Cast rF+ rCorr}
 26443 | IceCv    | Noticed a frost giant
 26464 | IceCv    | Reached skill level 10 in Earth Magic
 26469 | IceCv    | Killed a frost giant
 26511 | IceCv    | Got the Almanac of Firn
 26514 | IceCv    | Identified the ring of Descent {rF+ MP+9 Dex+2 SInv}
 26520 | IceCv    | Identified the +3 great sword of Amal {freeze, rN+ rCorr}
 26633 | IceCv    | Reached skill level 14 in Necromancy
 28010 | D:12     | Reached skill level 15 in Necromancy
 28347 | D:13     | Reached XP level 15. HP: 84/110 MP: 24/25
 30824 | D:14     | Found a gate to the Vaults.
 30834 | D:14     | Reached skill level 10 in Spellcasting
 30841 | D:14     | Reached skill level 10 in Fighting
 31112 | D:14     | Learned a level 4 spell: Dispel Undead
 31117 | D:14     | Learned a level 4 spell: Anguish
 31228 | D:15     | Entered Level 15 of the Dungeon
 31243 | D:15     | Found Obohu's Antique Weapon Shoppe.
 31448 | D:15     | Reached skill level 1 in Hexes
 31843 | D:15     | Found a staircase to the Depths.
 33139 | Orc:1    | Entered Level 1 of the Orcish Mines
 33247 | Orc:1    | Found a burning altar of Makhleb.
 33378 | Orc:2    | Entered Level 2 of the Orcish Mines
 33741 | Orc:1    | Reached skill level 5 in Hexes
 34200 | Orc:2    | Reached XP level 16. HP: 49/125 MP: 5/30
 34222 | Orc:2    | Found Qure's Assorted Antiques.
 34223 | Orc:2    | Found Soneh's Magic Scroll Shop.
 34235 | Orc:2    | Found Tedgh's Distillery.
 34241 | Orc:2    | Found Byobbun's General Store.
 34320 | Orc:2    | Bought a short silver wand for 104 gold pieces
 34395 | Orc:2    | Found Vogheh's Antique Weapon Boutique.
 34699 | Orc:2    | Found a staircase to the Elven Halls.
 35368 | Orc:1    | Noticed Urug
 35375 | Orc:1    | Killed Urug
 35574 | D:12     | Upgraded the game from 0.30-a0-728-gc68057be0a to
                  | 0.30-a0-737-gf23d94013f
 35702 | Spider:1 | Entered Level 1 of the Spider Nest
 36317 | Spider:1 | You fall into a shaft and drop 1 floor!
 38168 | Spider:2 | Identified the +0 robe of the Swamp {rN+}
 38337 | Spider:2 | Found a runed translucent gate.
 38337 | Spider:2 | Found a runed translucent gate.
 38337 | Spider:2 | Found a runed translucent gate.
 38338 | Spider:2 | Noticed lis82's ghost (adept DgAE)
 39006 | Spider:3 | Noticed Bai Suzhen
 39592 | Spider:3 | Reached skill level 15 in Fighting
 40116 | Spider:4 | Entered Level 4 of the Spider Nest
 40220 | Spider:4 | Reached skill level 5 in Evocations
 40222 | Spider:4 | Reached XP level 17. HP: 142/142 MP: 6/31
 41871 | Spider:4 | Got a gossamer rune of Zot
 42101 | Shoals:1 | Entered Level 1 of the Shoals
 42231 | Shoals:1 | Reached skill level 1 in Armour
 43152 | Shoals:2 | Reached skill level 1 in Shields
 43184 | Shoals:2 | Identified the +5 lajatang "Losmyq" {pain, rElec Str+2
                  | Stlth+}
 43617 | Shoals:2 | Noticed Kirke
 43621 | Shoals:2 | Noticed Louise
 43634 | Shoals:2 | Killed Kirke
 43634 | Shoals:2 | Killed Louise
 43850 | Shoals:2 | Noticed Polyphemus
 43856 | Shoals:2 | Killed Polyphemus
 44548 | Shoals:3 | Reached XP level 18. HP: 67/149 MP: 8/32
 44835 | Shoals:3 | Found Ciemej Duad's General Store.
 44860 | Shoals:3 | Reached skill level 5 in Shields
 44874 | Shoals:3 | Bought a scroll of enchant armour for 75 gold pieces
 45401 | Shoals:4 | Entered Level 4 of the Shoals
 45453 | Shoals:4 | Reached skill level 10 in Evocations
 45784 | Shoals:4 | Identified the +3 leather armour of Spite {-Tele rF+ rN+
                  | Str+2}
 45836 | Shoals:4 | Identified the +1 cloak of an ice cave {rElec rC- rCorr
                  | Stlth-}
 45955 | Shoals:4 | Noticed Nikola
 45964 | Shoals:4 | Killed Nikola
 45965 | Shoals:4 | Reached skill level 16 in Necromancy
 46239 | Shoals:4 | Learned a level 7 spell: Haunt
 46584 | Shoals:4 | Reached skill level 1 in Summonings
 46657 | Shoals:4 | Got a barnacled rune of Zot
 47033 | D:9      | Bought a polished glaive for 253 gold pieces
 47033 | D:9      | Identified the +8 glaive of the Final Hosts {heavy, Will+
                  | Int+3} (You bought it in a shop on level 9 of the Dungeon)
 47196 | Depths:1 | Entered Level 1 of the Depths
 47304 | Depths:1 | Found a gateway to Hell.
 47382 | Depths:1 | Found Jeha's Distillery.
 47386 | Depths:1 | Found Maludgh's Weapon Shoppe.
 47387 | Depths:1 | Found Torphiru's General Store.
 47393 | Depths:1 | Bought a scroll of blinking for 150 gold pieces
 47393 | Depths:1 | Bought a condenser vane for 800 gold pieces
 47934 | Depths:1 | Found an ancient bone altar of Kikubaaqudgha.
 48220 | Depths:1 | Reached skill level 5 in Summonings
 48447 | Depths:2 | Noticed a hellephant
 48467 | Depths:2 | Found a one-way gateway to a ziggurat.
 48467 | Depths:2 | Noticed a lich
 48480 | Depths:2 | Killed a hellephant
 48498 | Depths:2 | Paralysed by a floating eye for 2 turns
 49117 | Depths:2 | Identified the +2 rapier "Geop" {drain, rF++}
 49450 | Depths:2 | Killed a lich
 49686 | Depths:2 | Reached XP level 19. HP: 155/155 MP: 23/33
 49778 | Depths:2 | Found a one-way gate leading to the halls of Pandemonium.
 50399 | Depths:3 | Noticed a golden dragon
 50407 | Depths:3 | Killed a golden dragon
 50408 | Depths:3 | Noticed a caustic shrike
 50413 | Depths:3 | Noticed a caustic shrike
 50419 | Depths:3 | Killed a caustic shrike
 50421 | Depths:3 | Killed a caustic shrike
 50422 | Depths:3 | Reached skill level 10 in Summonings
 50425 | Depths:3 | Noticed a caustic shrike
 50425 | Depths:3 | Noticed a caustic shrike
 50425 | Depths:3 | Noticed a caustic shrike
 50427 | Depths:3 | Noticed a caustic shrike
 50429 | Depths:3 | Killed a caustic shrike
 50430 | Depths:3 | Noticed a caustic shrike
 50447 | Depths:3 | Killed a caustic shrike
 50450 | Depths:3 | Killed a caustic shrike
 50450 | Depths:3 | Noticed a caustic shrike
 50452 | Depths:3 | Killed a caustic shrike
 50453 | Depths:3 | Reached skill level 17 in Necromancy
 50458 | Depths:3 | Killed a caustic shrike
 50466 | Depths:3 | Killed a caustic shrike
 51020 | Depths:3 | Found a one-way gate to the infinite horrors of the Abyss.
 51094 | Depths:3 | Reached skill level 18 in Necromancy
 51256 | Depths:3 | Identified the +1 leather armour "Bycocso" {rPois Str+2
                  | Dex-3}
 51256 | Depths:3 | Identified the ring "Doxtap" {rPois MP-9 Str+3 Slay+2 SInv}
 51496 | Depths:3 | Found the +3 crown of Dyrovepreva {rElec Int+2 SInv}
 51502 | Depths:3 | Noticed Margery
 51528 | Depths:3 | Killed Margery
 52350 | Depths:4 | Entered Level 4 of the Depths
 52562 | Depths:4 | Noticed a caustic shrike
 52563 | Depths:4 | Noticed a caustic shrike
 52566 | Depths:4 | Killed a caustic shrike
 52568 | Depths:4 | Noticed a caustic shrike
 52569 | Depths:4 | Killed a caustic shrike
 52570 | Depths:4 | Reached skill level 19 in Necromancy
 52578 | Depths:4 | Killed a caustic shrike
 52760 | Depths:4 | Reached XP level 20. HP: 162/162 MP: 29/34
 52817 | Depths:4 | Noticed a caustic shrike
 53290 | Depths:4 | Killed a caustic shrike
 53322 | Depths:4 | Found a broken altar of Ashenzari.
 53944 | Depths:4 | Noticed a golden dragon
 53951 | Depths:4 | Killed a golden dragon
 53959 | Depths:4 | Got the Anthology of Fire
 54538 | Depths:4 | Reached skill level 20 in Necromancy
 54675 | Depths:4 | Identified the +2 leather armour of Zaomue {rElec rF++ rC+
                  | Int+2}
 54741 | Depths:4 | Found a gate to the Realm of Zot.
 55098 | Depths:4 | Learned a level 8 spell: Infestation
 55266 | Vaults:1 | Entered Level 1 of the Vaults
 55307 | Vaults:1 | Found Ekhlud's Armour Emporium.
 57527 | Vaults:1 | Reached skill level 5 in Armour
 58529 | Vaults:2 | Reached XP level 21. HP: 127/171 MP: 6/38
 58770 | Vaults:2 | Reached skill level 21 in Necromancy
 59910 | Vaults:2 | Upgraded the game from 0.30-a0-737-gf23d94013f to
                  | 0.30-a0-738-g116ff8c4af
 60625 | Vaults:3 | Reached skill level 5 in Dodging
 61272 | Vaults:3 | Noticed Zenata
 61856 | Vaults:3 | Killed Zenata
 61875 | Vaults:3 | Found a staircase to the Crypt.
 62834 | Vaults:4 | Found a runed translucent door.
 62836 | Vaults:4 | Noticed Susobas's ghost (adept DsCj)
 63418 | Vaults:4 | Noticed Xtahua
 63427 | Vaults:4 | Killed Xtahua
 63729 | Vaults:4 | Reached XP level 22. HP: 117/187 MP: 14/39
 64551 | Lair:3   | Killed Qatafuk's ghost
 64637 | Lair:4   | Found a staircase to the Slime Pits.
 64715 | Slime:1  | Entered Level 1 of the Pits of Slime
 64756 | Slime:1  | Slain by an acid blob

Illustrated notes

Levels and vault maps discovered:
D:1:      psy_arrival_terrarium, layout_loops_ring, serial_shops, shop,
          ebering_ecumenical_altar_mist
D:2:      layout_loops_ring, minmay_rat_gold_closets, uniq_natasha, uniq_sigmund
D:3:      layout_basic, serial_bayou_lagoon_b, uniq_crazy_yiuf_cottage
D:4:      minmay_goblin_kobold_castle, layout_loops_corners
D:5:      layout_loops_cross, kennysheep_nub
D:6:      layout_loops_ring, grunt_temple_overflow_open, uniq_edmund
D:7:      layout_rooms, minmay_temple_entry_ruins
D:8:      layout_cave_pools, uniq_maurice, uniq_gastronok
D:9:      layout_roguey, serial_shops, nicolae_shop_waterfront, shop,
          nicolae_shop_temple_entry_statues_fountains,
          nicolae_shop_behind_doors, kennysheep_mini_moat, nicolae_titane,
          uniq_pikel, uniq_grum
D:10:     layout_roguey, lair_entry_dummy
D:11:     kennysheep_big_flooded_room, layout_basic, uniq_harold
D:12:     minmay_slanted_spiral_squares, layout_basic, orc_david_3,
          portal_ice_cave_entry_pillars_1, hangedman_decor_riveting,
          nicolae_gozag_cash_rules_everything_around_me
D:13:     layout_basic
D:14:     layout_roguey, erik_vaults_2, nicolae_concentric_dashed_squares_mild
D:15:     gammafunk_depths_entry_grave, layout_basic,
          nicolae_cairo_tiling_large, serial_shops, shop
Temple:   nicolae_temple_bog_church
Lair:1:   dreamdust_cave_troll, layout_regular_city, grunt_megastairs_5
Lair:2:   layout_regular_city, minmay_shoals_entry_hut,
          infiniplex_staircase_pool
Lair:3:   layout_regular_city, dummy_spider_entry, gammafunk_ghost_grave,
          uniq_snorg, uniq_josephine
Lair:4:   layout_gridlike, minmay_slime_entry_oklob_open, serial_bayou,
          serial_bayou_shore_a, serial_bayou_pond_e, serial_bayou_pond_e,
          serial_bayou_pond_e, beast_lair_carwin_8
Lair:5:   wormcave, layout_hall_layers, hangedman_lair_caniforms_friends,
          chequers_serial_rivers_micro_d, chequers_serial_rivers_micro_c
Shoals:1: layout_shoals, nicolae_shoals_sun_and_surf
Shoals:2: layout_shoals, nicolae_shoals_lost_giant_baths,
          nicolae_shoals_water_elemental_grotto, uniq_kirke, uniq_polyphemus,
          uniq_louise
Shoals:3: layout_shoals, serial_shops, nicolae_shop_window_shopping
Shoals:4: shoals_end_hangedman, layout_shoals, uniq_nikola
Spider:1: nicolae_spider_mines_2, nicolae_spider_moth_buddies
Spider:2: layout_cave_pods, gammafunk_ghost_split
Spider:3: layout_spider_delve, nicolae_spider_checkerboard, uniq_bai_suzhen
Spider:4: hellmonk_spider_rune_endless_swarm
Slime:1:  layout_caves, basic_altar
Orc:1:    layout_caves, basic_altar, nicolae_orc_crystal_geode, uniq_urug
Orc:2:    st_orc_open, layout_caves, serial_shops, shop
Vaults:1: v_misc_33, vaults_standard_mumra_x, vaults_room_fancy_cross,
          vaults_mumra_hexcomb, v_misc_22, ontoclasm_vaults_eye,
          ontoclasm_vaults_twist, ontoclasm_vaults_gateway, vaults_room_pools,
          hangedman_vaults_stretched_pinwheel, ontoclasm_vaults_shuriken,
          vaults_dpeg_ring, v_misc_23, vaults_dpeg_diagonal,
          hangedman_vaults_hat, layout_vaults_omnicross, serial_shops,
          shop_statue
Vaults:2: nicolae_vaults_inception_statues, hangedman_vaults_maws,
          nicolae_vaults_theta, v_misc_5, vaults_mumra_minichess_inversion,
          vaults_room_door_hall, ontoclasm_vaults_decontamination,
          grunt_vaults_focal, nicolae_vaults_alarming, vaults_room_fancy_cross,
          vaults_room_glass_cross, nicolae_vaults_specimen_jars, v_rooms_4,
          layout_vaults_maze_snakey
Vaults:3: minmay_crypt_entry_simple_plaza, v_misc_16, grunt_vaults_diagonal,
          v_misc_10, v_rooms_1, vaults_dpeg_emergency_exit,
          vaults_dpeg_encased_lava, hangedman_vaults_capsules,
          layout_vaults_omnigrid, uniq_zenata
Vaults:4: ebering_ghost_reflecting_pool, hangedman_vaults_unwind,
          grunt_vaults_hallway_short, ontoclasm_vaults_idyll,
          hangedman_vaults_nails, ontoclasm_vaults_ring_square,
          vaults_room_fancy_cross, nicolae_vaults_stairing_the_circle,
          v_misc_12, nicolae_vaults_network_quinsquares
          [nicolae_vaults_network_quincunx_subvault,
          nicolae_vaults_network_quincunx_subvault,
          nicolae_vaults_network_quincunx_subvault,
          nicolae_vaults_network_quincunx_subvault], vaults_room_boxed,
          vaults_room_stairs_pillars, layout_vaults_ring, uniq_xtahua
Depths:1: layout_gridlike, hell_entry, minmay_misc_feat_enclosed,
          corexii_leaking_fountain, lemuel_zombie_altar_kikubaaqudgha,
          minmay_shop_star
Depths:2: mu_elephants_graveyard, layout_basic, enter_ziggurat_c,
          rand_demon_pan_entry_1, hell_entry, nicolae_figureground_sparkle
Depths:3: grunt_x_marks_the_spot, layout_basic, hell_entry, abyss_entry,
          grunt_decor_cap, minmay_staircase_bubble, uniq_margery
Depths:4: evilmike_zot_entry_basic, layout_gridville, rand_demon_pan_entry_8,
          grunt_hell_entry_dis_old, lemuel_tele_altar,
          minmay_stone_trees_medium, minmay_liquid_box,
          minmay_misc_feat_ornament, minmay_the_grid_square_5x5_3x3_mashed
          [minmay_the_grid_square_5x5_checkered,
          minmay_the_grid_square_5x5_doubleslash,
          minmay_the_grid_square_5x5_moneybag, minmay_the_grid_square_5x5_inset,
          minmay_the_grid_square_5x5_megaprize_open,
          minmay_the_grid_square_5x5_minibox,
          minmay_the_grid_square_5x5_hollow_slash,
          minmay_the_grid_square_5x5_inner_v,
          minmay_the_grid_square_5x5_trominoes]

Skill      XL: |  1  2  3  4  5  6  7  8  9 10 11 12 13 14 15 16 17 18 19 20 21 22 |
---------------+-------------------------------------------------------------------+-----
Spellcasting   | 3 4 5 6 7 10 13 | 13.4
Fighting       | 1 2 3 4 5 6 7 11 15 16 19 | 19.3
Necromancy     | 5 6 7 9 10 11 12 15 16 19 20 21 | 21.3
Evocations     | 1 4 5 9 10 | 10.0
Polearms       | 3 6 9 11 13 14 | 14.0
Earth Magic    | 4 7 10 | 10.0
Hexes          | 5 7 |  7.0
Armour         | 3 5 6 |  6.1
Shields        | 4 5 |  5.0
Summonings     | 8 10 | 10.2
Dodging        | 8 |  8.0
Stealth        | |  1.5

Action                     |  1- 3 |  4- 6 |  7- 9 | 10-12 | 13-15 | 16-18 | 19-21 | 22-24 || total
---------------------------+-------+-------+-------+-------+-------+-------+-------+-------++-------
  Melee: Dagger            |    18 |     3 |       |       |       |       |       |       ||    21
         Spear             |       |    38 |   473 |   771 |  1085 |   501 |   722 |    61 ||  3651
         Punch             |       |     1 |     8 |    11 |    10 |     4 |    16 |     4 ||    54
  Throw: Dart              |       |     2 |     5 |    11 |       |     1 |       |       ||    19
         Throwing net      |       |       |     1 |       |       |       |       |       ||     1
   Cast: Necrotise         |    54 |    81 |    16 |    17 |     8 |       |       |       ||   176
         Vampiric Draining |       |     3 |    53 |    70 |    10 |     4 |     6 |       ||   146
         Animate Dead      |       |       |    14 |    17 |    20 |    20 |     9 |       ||    80
         Cigotuvi's Dreadf |       |       |     2 |     2 |     1 |       |       |       ||     5
         Borgnjor's Vile C |       |       |       |     9 |   253 |   348 |   247 |     6 ||   863
         Death Channel     |       |       |       |     4 |     9 |    20 |    10 |       ||    43
         Anguish           |       |       |       |       |     5 |    12 |    12 |       ||    29
         Haunt             |       |       |       |       |       |       |    91 |     9 ||   100
         Infestation       |       |       |       |       |       |       |    27 |     1 ||    28
 Invoke: Unearth Wretches  |       |       |       |    10 |       |    27 |    14 |       ||    51
Ability: Evoke Blink       |       |       |       |     2 |       |       |       |       ||     2
  Evoke: Wand              |       |       |     5 |     9 |       |     3 |     1 |       ||    18
         Phial of floods   |       |       |       |       |       |     1 |     1 |       ||     2
         Phantom mirror    |       |       |       |       |       |     1 |       |       ||     1
         Condenser vane    |       |       |       |       |       |       |     1 |       ||     1
    Use: Scroll            |       |       |     6 |    13 |     3 |     8 |     8 |     1 ||    39
   Stab: Sleeping          |     2 |     1 |     2 |    11 |     2 |     3 |       |     1 ||    22
         Invisible         |       |       |     2 |       |       |       |       |       ||     2
         Distracted        |       |       |     1 |     4 |    13 |    16 |    11 |     2 ||    47
         Paralysed         |       |       |       |     7 |       |    15 |     7 |       ||    29
 Armour: Robe              |     9 |    16 |   117 |       |       |       |       |       ||   142
         Steam dragon scal |       |       |    50 |   148 |   410 |   260 |   356 |    22 ||  1246
  Dodge: Dodged            |    23 |    34 |   306 |   242 |   487 |   295 |   366 |    41 ||  1794
  Block: Kite shield       |       |       |       |       |       |    44 |       |       ||    44

Table legend: (Time is in decaauts)
 A = Elapsed time spent in this place.
 B = Non-inter-level travel time spent in this place.
 C = Inter-level travel time spent in this place.
 D = Time resting spent in this place.
 E = Time spent auto-exploring this place.
 F = Levels seen in this place.
 G = Mean time per level.
                   A        B        C        D        E       F      G
               +--------+--------+--------+--------+--------+-----+--------+
         Total |  66799 |  63283 |   3516 |  12835 |  35737 |  41 | 1629.2 |
       Dungeon |  22661 |  21332 |   1329 |   4939 |  11601 |  15 | 1510.7 |
        Temple |     36 |     28 |      8 |      0 |      9 |   1 |   36.0 |
          Lair |  10767 |  10183 |    584 |   1952 |   6128 |   5 | 2153.4 |
        Shoals |   5813 |   5524 |    289 |    645 |   3474 |   4 | 1453.2 |
   Spider Nest |   6445 |   6033 |    412 |   1646 |   2960 |   4 | 1611.2 |
    Slime Pits |     37 |     37 |      0 |      0 |      0 |   1 |   37.0 |
  Orcish Mines |   2530 |   2409 |    121 |    543 |   1334 |   2 | 1265.0 |
        Vaults |   8806 |   8515 |    291 |   1205 |   5500 |   4 | 2201.5 |
        Depths |   8515 |   8035 |    480 |   1636 |   4358 |   4 | 2128.8 |
      Ice Cave |   1187 |   1187 |      0 |    268 |    369 |   1 | 1187.0 |
               +--------+--------+--------+--------+--------+-----+--------+

Top non-repeatable levels by time:
  Lair:5: 3130 daAuts
Depths:4: 2789 daAuts
Vaults:3: 2516 daAuts
  Lair:4: 2496 daAuts
    D:14: 2247 daAuts
Vaults:1: 2229 daAuts
Vaults:2: 2132 daAuts
     D:7: 2110 daAuts
Spider:4: 2037 daAuts
Depths:3: 2008 daAuts
Vaults:4: 1928 daAuts
     D:4: 1890 daAuts
    D:11: 1864 daAuts
Depths:1: 1861 daAuts
Depths:2: 1855 daAuts
